 Dungeon Crawl Stone Soup version 0.17-a0-633-gcf22183 (webtiles) character file.

160 Psiweapon the Bolt Thrower (level 5, -6/32 HPs)
             Began as a Kobold Hunter on Apr 16, 2015.
             Mangled by Edmund
             ... wielding a +7 dire flail of draining
              (8 damage)
             ... on level 4 of the Dungeon on Apr 17, 2015.
             The game lasted 00:09:34 (2193 turns).

Psiweapon the Bolt Thrower (Kobold Hunter)          Turns: 2193, Time: 00:09:34

Health: -6/32      AC:  6    Str: 11    XL:     5   Next: 69%
Magic:  5/5        EV: 15    Int: 10    God:
Gold:   236        SH:  0    Dex: 16    Spells: 0 memorised, 4 levels left

rFire  . . .     SeeInvis .     b - +1 hand crossbow
rCold  + . .     Clarity  .     w - +3 leather armour
rNeg   . . .     SustAb   .     (shield restricted)
rPois  .         Gourm    .     (no helmet)
rElec  .         Spirit   .     (no cloak)
rCorr  .         Warding  .     (no gloves)
rMut   .         Stasis   .     (no boots)
MR     .....                    (no amulet)
Stlth  +++.......               E - ring of protection from cold
                                l - ring of stealth

@: drained, not resistant to hostile enchantments, fairly stealthy
A: carnivore 3
a: no special abilities


You were on level 4 of the Dungeon.
You were very full.

You visited 1 branch of the dungeon, and saw 4 of its levels.

You collected 236 gold pieces.

Inventory:

Hand weapons
 a - a +0 short sword
 b - a +1 hand crossbow (weapon)
Missiles
 c - a bolt (quivered)
 h - 21 sling bullets
Armour
 d - a +0 leather armour
 w - a +3 leather armour (worn)
Jewellery
 l - a ring of stealth (left hand)
 s - an uncursed ring of see invisible
 E - a ring of protection from cold (right hand)
Scrolls
 g - 2 scrolls of teleportation {unknown}
 j - a scroll of fog {unknown}
 k - 4 scrolls of identify
 n - a scroll of magic mapping {unknown}
 q - a scroll of recharging {unknown}
 x - a scroll of noise {unknown}
 y - a scroll of remove curse
 C - a scroll of amnesia {unknown}
Potions
 e - a potion of flight {unknown}
 m - a potion of curing
 o - 3 potions of restore abilities {unknown}
 p - a potion of invisibility {unknown}
 r - 2 potions of agility {unknown}
 u - a potion of brilliance {unknown}
 v - a potion of resistance {unknown}
 A - a potion of degeneration {unknown}
 B - 2 potions of poison {unknown}
Comestibles
 f - 3 meat rations
 i - a slice of pizza
 t - a beef jerky
 z - 4 chunks of flesh
 D - a royal jelly


   Skills:
 + Level 3.2(2.3) Fighting
 + Level 5.8(4.8) Crossbows
 + Level 3.9(2.9) Dodging
 + Level 3.9(2.9) Stealth


You had 4 spell levels left.
You didn't know any spells.

Dungeon Overview and Level Annotations

Branches:
Dungeon (4/15)
 Temple: D:4-7

Altars:
Fedhas

Shops:
D:4 =

Annotations:
D:4 Edmund


Innate Abilities, Weirdness & Mutations

You are small and have problems with some larger weapons.
You are carnivorous and can eat meat at any time.


Message History

Aim: Edmund, wielding a dire flail of draining and wearing a chain mail (lightly wounded)
You shoot a bolt. The bolt hits Edmund!
Edmund is moderately wounded.
Edmund closely misses you.
Firing (i - inventory):
c - 4 bolts (quivered)
Press: ? - help, Shift-Dir - straight line, f/p - Edmund
Aim: Edmund, wielding a dire flail of draining and wearing a chain mail (moderately wounded)
You shoot a bolt. The bolt completely misses Edmund.
Edmund closely misses you.
Firing (i - inventory):
c - 3 bolts (quivered)
Press: ? - help, Shift-Dir - straight line, f/p - Edmund
Aim: Edmund, wielding a dire flail of draining and wearing a chain mail (moderately wounded)
You shoot a bolt. The bolt hits Edmund.
Edmund is moderately wounded.
Edmund misses you.
Firing (i - inventory):
c - 2 bolts (quivered)
Press: ? - help, Shift-Dir - straight line, f/p - Edmund
Aim: Edmund, wielding a dire flail of draining and wearing a chain mail (moderately wounded)
You shoot a bolt. The bolt barely misses Edmund.
Edmund hits you with a dire flail of draining!
You die...

# ##.
#...##########
#...@@.......#
....(..########.#
###(# #.# ..
...######.# .
#........#
...######<######
#.##...#
#......###
#........##


You could see Edmund.

Vanquished Creatures
  3 worker ants (D:4)
  2 adders
  2 oozes (D:2)
  A worm (D:2)
  2 orcs (D:4)
  8 bats
  A bat skeleton (D:4)
  A giant cockroach (D:1)
  4 goblins
  7 hobgoblins
  A quokka (D:4)
  3 giant geckos
  3 giant newts
  10 kobolds
  6 rats
  A butterfly (D:4)
55 creatures vanquished.

Notes
Turn   | Place    | Note
--------------------------------------------------------------
     0 | D:1      | Psiweapon, the Kobold Hunter, began the quest for the Orb.
     0 | D:1      | Reached XP level 1. HP: 12/12 MP: 1/1
   172 | D:1      | Reached XP level 2. HP: 12/18 MP: 2/2
   528 | D:1      | Reached skill level 5 in Crossbows
   613 | D:1      | Reached XP level 3. HP: 22/22 MP: 3/3
  1194 | D:2      | Reached XP level 4. HP: 27/27 MP: 4/4
  1399 | D:2      | Upgraded the game from 0.17-a0-622-g12d63cc to 0.17-a0-633-gcf22183
  1558 | D:3      | Found a blossoming altar of Fedhas.
  1847 | D:4      | Reached XP level 5. HP: 22/32 MP: 5/5
  1970 | D:4      | Found Oxi Fol Gann's Jewellery Boutique.
  2185 | D:4      | Noticed Edmund
  2193 | D:4      | Mangled by Edmund

Action                   |  1- 3 |  4- 6 || total
-------------------------+-------+-------++-------
Melee: Short sword       |    24 |    41 ||    65
 Fire: Hand crossbow     |    59 |    45 ||   104
  Use: Scroll            |     2 |       ||     2
       Potion            |       |     1 ||     1
 Stab: Sleeping          |       |     1 ||     1
  Eat: Chunk             |     8 |     3 ||    11
